 Dungeon Crawl Stone Soup version 0.31-a0-889-g1a8549509d (webtiles) character file.

Game seed: 16000182804580444424

182 MachoJfn the Chopper (level 5, -1/39 HPs)
             Began as a Demonspawn Gladiator on Oct 16, 2023.
             Was a Believer of Trog.
             Slain by a river rat (7 damage)
             ... in a sewer.
             The game lasted 00:05:57 (1973 turns).

MachoJfn the Chopper (Demonspawn Gladiator)         Turns: 1973, Time: 00:05:58

Health: -1/39      AC:  8    Str: 17    XL:     5   Next: 35%
Magic:  5/5        EV: 12    Int:  9    God:    Trog [**....]
Gold:   138        SH:  0    Dex: 14    Spells: 4/4 levels left

rFire   + . .        a - +0 war axe
rCold   . . .        (no shield)
rNeg    . . .        f - +0 ring mail
rPois   .            c - +0 helmet
rElec   .            (no cloak)
rCorr   .            j - +0 pair of gloves
SInv    .            k - +0 pair of boots
Will    .....        (no amulet)
Stlth   +            b - ring of protection from fire
HPRegen 0.26/turn    (no ring)
MPRegen 0.09/turn

%: no passive effects
@: no status effects
A: hooves 2, spiny 1
a: Renounce Religion, Berserk, Trog's Hand


You were in a sewer.
You worshipped Trog.
Trog was pleased with you.
You visited 1 branch of the dungeon, and saw 3 of its levels.
You also visited: Sewer.

You collected 138 gold pieces.

Inventory:

Hand Weapons
 a - a +0 war axe (weapon)
Missiles
 d - 3 throwing nets (quivered)
 e - 7 javelins
 n - 10 stones
Armour
 c - a +0 helmet (worn)
 f - a +0 ring mail (worn)
 j - a +0 pair of gloves (worn)
 k - a +0 pair of boots (worn)
Jewellery
 b - a ring of protection from fire (left hand)
Scrolls
 h - a scroll of immolation
 i - a scroll of amnesia
Potions
 g - 2 potions of heal wounds
 l - 3 potions of curing


   Skills:
 + Level 2.6 Fighting
 + Level 4.3 Axes
 - Level 1.9 Throwing
 + Level 1.4 Armour
 + Level 3.5 Dodging


You had 4 spell levels left.
You didn't know any spells.
Your spell library was empty.

Dungeon Overview and Level Annotations

Branches:
Dungeon (3/15)              Sewer (1/1)

Altars:
Trog


Innate Abilities, Weirdness & Mutations

You have hoof-like feet.
You are partially covered in sharp spines.


Message History

You hit the rat.
The rat is severely wounded.
The rat bites you but does no damage.
You hit the rat.
You kill the rat!
Trog accepts your kill.
You see here a rat corpse.
A river rat comes into view.
You slash the rat!
You kill the rat!
Trog accepts your kill. 2 rats come into view.
You hit the river rat but do no damage. The river rat bites you. x2
You hit the river rat.
The river rat is lightly wounded.
The river rat barely misses you.
You closely miss the river rat.
The river rat is lightly wounded.
The river rat barely misses you.
You closely miss the river rat.
The river rat is lightly wounded.
The river rat bites you! The rat bites you.
The river rat is struck by your spines. The river rat bites you.
* * * LOW HITPOINT WARNING * * *
The rat is struck by your spines.
You kill the rat!
Trog accepts your kill.
You hit the river rat but do no damage.
The river rat is moderately wounded.
You closely miss the rat. The rat bites you.
* * * LOW HITPOINT WARNING * * *
The river rat twitches its whiskers.
The river rat closely misses you.
You slash the river rat!
The river rat is almost dead.
You hit the rat.
You kill the rat!
Trog accepts your kill. The river rat bites you!
You die...

#####
######...######
##.............##
#.....r@........##
.........#†......#
......##+##......##
.....# ##......#
~.~.# #.~.†~## ~~~≈
#~~†~~~# ~≈≈
#≈≈≈~≈≈# ~≈
#≈~~~≈≈# #≈~~≈≈≈#


You could see a river rat.

Vanquished Creatures
  4 gnolls (D:2)
  3 river rats (Sewer)
  4 adders (D:2)
  A worm (D:2)
  2 dart slugs (D:1)
  7 ball pythons
  6 bats
  4 endoplasms
  6 giant cockroaches
  4 goblins
  4 hobgoblins
  8 jackals (D:1)
  2 kobolds
  2 quokkas
  2 frilled lizards (D:1)
  20 rats
79 creatures vanquished.

Notes
Turn   | Place    | Note
-------+----------+-------------------------------------------
     0 | D:1      | MachoJfn the Demonspawn Gladiator began the quest for the
                  | Orb.
     0 | D:1      | Reached XP level 1. HP: 16/16 MP: 1/1
   130 | D:1      | Reached skill level 3 in Axes
   141 | D:1      | Gained mutation: You are partially covered in sharp spines.
                  | [demonic ancestry]
   141 | D:1      | Reached XP level 2. HP: 22/22 MP: 2/2
   375 | D:1      | Gained mutation: You have large cloven feet. [demonic
                  | ancestry]
   375 | D:1      | Reached XP level 3. HP: 27/27 MP: 3/3
   582 | D:1      | Found a faded altar of an unknown god.
   588 | D:1      | Prayed at the altar of an unknown god.
   588 | D:1      | Became a worshipper of Trog the Wrathful
   588 | D:1      | Reached * piety under Trog
   832 | D:2      | Reached XP level 4. HP: 19/34 MP: 4/4
  1095 | D:2      | Reached skill level 4 in Axes
  1670 | D:3      | Reached ** piety under Trog
  1853 | D:3      | Gained mutation: You have hoof-like feet. [demonic
                  | ancestry]
  1853 | D:3      | Reached XP level 5. HP: 39/39 MP: 5/5
  1861 | D:3      | Found a glowing drain.
  1865 | Sewer    | Entered a sewer
  1909 | Sewer    | Reached skill level 1 in Armour
  1973 | Sewer    | Slain by a river rat

Illustrated notes

Levels and vault maps discovered:
D:1:      dpeg_arrival_tiny_g, layout_loops_ring, ebering_ecumenical_altar_mist
D:2:      layout_loops_cross, basic_altar, serial_forest,
          infiniplex_forest_clump_cross, infiniplex_forest_split,
          infiniplex_forest_clump_small, infiniplex_forest_clump_small
D:3:      layout_basic, gup_sewer_entry_bowl, minmay_box_of_dots
Sewer:    sewer_minmay_w

Skill      XL: |  1  2  3  4  5 |
---------------+----------------+-----
Axes           | 3 4 |  4.3
Dodging        | 3 |  3.5
Armour         | 1 |  1.4
Fighting       | |  2.6
Throwing       | |  1.9

Action                     |  1- 3 |  4- 6 || total
---------------------------+-------+-------++-------
  Melee: War axe           |    44 |    86 ||   130
         Punch             |     1 |       ||     1
    Use: Scroll            |     4 |     5 ||     9
         Potion            |       |     4 ||     4
 Armour: Ring mail         |    23 |    45 ||    68
         Leather armour    |     3 |       ||     3
  Dodge: Dodged            |    33 |    55 ||    88

Table legend: (Time is in decaauts)
 A = Elapsed time spent in this place.
 B = Non-inter-level travel time spent in this place.
 C = Inter-level travel time spent in this place.
 D = Time resting spent in this place.
 E = Time spent auto-exploring this place.
 F = Levels seen in this place.
 G = Mean time per level.
                   A        B        C        D        E       F      G
               +--------+--------+--------+--------+--------+-----+--------+
         Total |   2017 |   1862 |    155 |    173 |   1106 |   4 |  504.2 |
       Dungeon |   1881 |   1726 |    155 |    173 |   1085 |   3 |  627.0 |
         Sewer |    136 |    136 |      0 |      0 |     21 |   1 |  136.0 |
               +--------+--------+--------+--------+--------+-----+--------+

Top non-repeatable levels by time:
     D:2: 867 daAuts
     D:1: 763 daAuts
     D:3: 250 daAuts
   Sewer: 136 daAuts
